 Dungeon Crawl Stone Soup version 0.29.1-13-g9f3cf754e1 (webtiles) character file.

Game seed: 11157569903732719355

40836 nightchill the Warrior (level 14, -1/119 HPs)
             Began as a Djinni Conjurer on Feb 10, 2023.
             Was a Believer of Ashenzari.
             Killed by an exploding fulminant prism (54 damage)
             ... on level 2 of the Orcish Mines.
             The game lasted 01:42:47 (25851 turns).

nightchill the Warrior (Djinni Conjurer)           Turns: 25851, Time: 01:42:48

Health: -1/119     AC:  6    Str:  6    XL:     14   Next: 46%
Gold:   3000       EV: 15    Int: 24    God:    Ashenzari [**....] SH:  5 Dex: 13

rFire   + + .      SeeInvis +   p - staff of conjuration (curse) {Evo, Self}
rCold   . . .      Faith    .   x - +0 buckler
rNeg    . . .      Spirit   .   T - +0 steam dragon scales of the Prescient Gnosis {Self, Range} (curse)
rPois   ∞          Reflect  .   (no helmet)
rElec   .          Harm     .   O - +0 cloak "Share My Sorrow" {Evo, Self} (curse)
rCorr   .          Rampage  .   (no gloves)
Will    ++...                   (boots unavailable)
Stlth   +++.......              (no amulet)
HPRegen 0.29/turn               G - ring of willpower
MPRegen 0.00/turn               R - ring of protection from cold

@: flying
A: sickness immunity, fire resistance 2, cold vulnerability 1, float, innate
caster, HP casting, extra vitality 1
a: Renounce Religion, Curse Item, Shatter the Chains


You were on level 2 of the Orcish Mines.
You worshipped Ashenzari.
Ashenzari was pleased with you.
You visited 4 branches of the dungeon, and saw 17 of its levels.
You also visited: Bailey.

You collected 3000 gold pieces.

Inventory:

Hand Weapons
 a - a +0 sling
 N - a +1 whip of electrocution
Missiles
 t - 4 curare-tipped darts
 u - 25 poisoned darts
 v - 2 throwing nets
 L - 34 boomerangs
 M - 10 javelins
Armour
 x - a +0 buckler (worn)
 O - the cursed +0 cloak "Share My Sorrow" (worn) {Evo, Self}
   (You took it off Crazy Yiuf on level 6 of the Dungeon)

   It has a curse which improves the following skills: Evocations: Evocations.
   Introspection: Fighting and Spellcasting.
 T - the cursed +0 steam dragon scales of the Prescient Gnosis (worn) {Self, Range}
   (You found it on level 8 of the Dungeon)

   It has a curse which improves the following skills: Introspection: Fighting
   and Spellcasting.
   Ranged Combat: Ranged Weapons and Throwing.
 X - a +2 kite shield
Magical Staves
 p - a cursed staff of conjuration (weapon) {Evo, Self}
Jewellery
 g - a +4 ring of evasion
 n - a +6 ring of intelligence
 o - a ring of protection from fire
 G - a ring of willpower (left hand)
 I - a ring of positive energy
 P - a ring of see invisible
 R - a ring of protection from cold (right hand)
 U - a ring of ice
Wands
 r - a wand of paralysis (4)
 z - a wand of roots (27)
 D - a wand of polymorph (9)
 Q - a wand of mindburst (9)
Scrolls
 c - a scroll of silence
 h - 2 scrolls of noise
 i - 5 scrolls of enchant armour
 j - 3 scrolls of vulnerability
 l - 2 scrolls of blinking
 m - 4 scrolls of fear
 q - 2 scrolls of enchant weapon
 w - a scroll of magic mapping
 y - 4 scrolls of teleportation
 A - a scroll of poison
 B - a scroll of torment
 F - 2 scrolls of immolation
 W - 2 scrolls of fog
Potions
 b - 5 potions of heal wounds
 d - 2 potions of brilliance
 e - 2 potions of mutation
 f - 5 potions of curing
 E - 2 potions of haste
 H - 2 potions of invisibility
 J - 3 potions of might
 K - 5 potions of lignification
 S - 2 potions of berserk rage
Miscellaneous
 V - a box of beasts


   Skills:
 * Level 15.0(17.4) Fighting
 + Level 9.1 Dodging
 - Level 4.9 Stealth
 + Level 6.0 Shields
 * Level 13.9(16.3) Spellcasting


You had 12 spell levels left.
You knew the following spells:

 Your Spells              Type           Power      Damage    Failure   Level
a - Magic Dart            Conj           100%       1d8       0%          1
b - Searing Ray           Conj           100%       2d8       0%          2
c - Dazzling Flash        Conj/Hex       100%       N/A       0%          3
d - Fulminant Prism       Conj/Hex       49%        3d21      1%          4
e - Iskenderun's Mystic   Conj/Tloc      98%        2d19      1%          4
f - Foxfire               Conj/Fire      100%       2x1d9     0%          1
g - Scorch                Fire           100%       2d10      0%          2
h - Wereblood             Tmut           78%        N/A       0%          2
i - Hailstorm             Conj/Ice       98%        3d19      1%          4
j - Freezing Cloud        Conj/Ice/Air   49%        6-21      1%          5
k - Fireball              Conj/Fire      49%        3d19      1%          5
Your spell library was empty.

Dungeon Overview and Level Annotations

Branches:
Dungeon (10/15)            Temple (1/1) D:7            Lair (4/5) D:10
 Shoals (0/4) Lair:3       Spider (0/4) Lair:3          Orc (2/2) D:10
    Elf (0/3) Orc:2        Bailey (visited)
  Slime: Lair:4-5

Altars:
Ashenzari
Cheibriados
Dithmenos
Elyvilon
Fedhas
Gozag
Hepliaklqana
Makhleb
Nemelex Xobeh
Okawaru
Qazlal
Ru
Trog
Uskayaw
Wu Jian
Xom
Yredelemnul
Zin
The Shining One

Shops:
D:8 =   Orc:2 [

Annotations:
D:1 exclusion: frilled lizard
D:2 exclusion: downstairs
D:3 exclusion: downstairs
D:4 2 runed translucent doors, exclusion: 2 downstairs, p0werm0de's ghost, amateur PaIE
D:5 3 runed translucent doors, diceflayer's ghost, amateur DsHu
D:6 exclusions: downstairs and oklob plant
D:9 4 transporters
Lair:2 exclusion: 2 downstairs
Lair:3 exclusion: 2 downstairs
Lair:4 !nasty dispersal trap - nasty mobs


Innate Abilities, Weirdness & Mutations

You are immune to sickness and miasma.
You are immune to poison.
Your flesh is very heat resistant. (rF++)
You are vulnerable to cold. (rC-)
You float through the air rather than walking.
You learn spells naturally, not from books.
Your magical power is your life essence.
You have superior vitality. (+4 MHP)


Message History

Your fulminant prism explodes!
The blast of energy engulfs the orc priest!
The orc priest is severely wounded.
You hear a shout! x2
Casting: Fulminant Prism (safe; 1% risk of failure)
Confirm with . or Enter, or press ? or * to list all spells.
Aiming: Fulminant Prism (safe; 1% risk of failure)
Press: ? - help, Dir - move target You feel a surge of power!
You conjure a prism of explosive energy!
A fulminant prism comes into view.
An orc warrior comes into view. It is wielding a +0 halberd.
Your fulminant prism crackles loudly.
An orc comes into view. It is wielding a +0 dagger.
Your fulminant prism explodes!
You hear a shout!
Casting: Fulminant Prism (safe; 1% risk of failure)
Confirm with . or Enter, or press ? or * to list all spells.
Aiming: Fulminant Prism (safe; 1% risk of failure)
Press: ? - help, Dir - move target You feel a surge of power!
You conjure a prism of explosive energy!
* * * LOW HITPOINT WARNING * * *
A fulminant prism comes into view.
Casting: Fulminant Prism (safe; 1% risk of failure)
Confirm with . or Enter, or press ? or * to list all spells.
Aiming: Freezing Cloud (safe; 1% risk of failure)
Press: ? - help, Dir - move target, f - orc warrior
Aim: an orc warrior, wielding a +0 halberd and wearing a +0 chain mail You feel a surge of power!
Really fire in your fulminant prism's direction?
* * * LOW HITPOINT WARNING * * *
The orc priest is engulfed in freezing vapours.
You kill the orc priest!
Your fulminant prism crackles loudly.
Your Shields skill increases to level 6!
The orc warrior is engulfed in freezing vapours.
Your fulminant prism explodes!
The blast of energy engulfs you!!!
You die...

#...#....#...##..##.
##.#.#...##.. *###
## *, ##.....###*
#..§....##
##..§§...#
##.§§§#o##
#...§§...#
##..§.#.## ##...@.#
#......#* ##......#
##....## ##....#
###.## ##


You could see an orc.

Vanquished Creatures
  2 orc warlords
  A catoblepas (Lair:1)
  2 hydras
  A boulder beetle (Lair:3)
  Erica (D:8)
  A two-headed ogre (Orc:1)
  A death yak (Lair:3)
  2 orc high priests (Orc:2)
  Pikel (D:6)
  4 orc knights (Orc:2)
  A manticore (Lair:3)
  6 orc sorcerers
  A cyclops (Orc:2)
  11 elephants
  3 black mambas (Lair:3)
  A torpor snail (Lair:1)
  9 cane toads
  A rime drake (Lair:3)
  2 komodo dragons
  4 trolls
  A wind drake (Lair:3)
  4 polar bears (Lair:3)
  A hornet (D:8)
  8 blink frogs
  4 dream sheep (Lair:1)
  Sigmund (D:4)
  3 jumping spiders (Lair:3)
  2 culicivoras (Lair:3)
  4 shadows (D:10)
  3 wyverns
  6 yaks
  A vampire (D:10)
  Grum (Lair:1)
  3 steam dragons
  A basilisk (Lair:1)
  A two-headed ogre zombie (D:10)
  4 wargs
  5 water moccasins
  Duvessa (D:7)
  An ice beast (D:8)
  44 orc warriors
  A sky beast (D:6)
  A black bear (D:4)
  7 ogres
  12 wolves
  2 centaurs
  A kobold brigand (D:10)
  A phantom (D:5)
  8 bullfrogs
  6 gnoll sergeants
  4 necrophages (D:6)
  A scorpion (D:7)
  2 water moccasin zombies (D:6)
  A wight (D:6)
  Dowan (D:7)
  2 troll zombies (D:10)
  10 killer bees (D:7)
  5 jellies (D:6)
  5 hounds
  A human zombie (D:6)
  2 bullfrog zombies (D:6)
  26 orc priests
  Crazy Yiuf (D:6)
  2 iguanas
  27 orc wizards
  2 killer bee zombies (D:6)
  5 ogre zombies (D:10)
  A mummy (D:6)
  8 adders
  26 gnolls
  3 shadow imps
  6 white imps
  An ufetubus (D:7)
  A worm (D:2)
  6 dart slugs
  110 orcs
  6 ball pythons
  20 endoplasms
  3 giant cockroaches
  11 hobgoblins
  10 jackals
  18 kobolds
  4 quokkas
  10 bats
  14 frilled lizards
  15 goblins
  A goblin skeleton (D:10)
  A goblin zombie (D:10)
  4 hobgoblin skeletons (D:10)
  4 hobgoblin zombies (D:10)
  2 orc skeletons (D:10)
  13 orc zombies (D:10)
  5 rats
  2 fulminant prisms
595 creatures vanquished.

Vanquished Creatures (others)
  19 foxfires
  394 fulminant prisms
  35 fungi
  28 plants
476 creatures vanquished.

Grand Total: 1071 creatures vanquished

Notes
Turn   | Place    | Note
-------+----------+-------------------------------------------
     0 | D:1      | nightchill the Djinni Conjurer began the quest for the Orb.
     0 | D:1      | nightchill set off with the following spells memorised:
                  | Magic Dart, Searing Ray, Dazzling Flash, Fulminant Prism,
                  | Iskenderun's Mystic Blast.
     0 | D:1      | Reached XP level 1. HP: 15/15 MP: 0/0
   290 | D:1      | Reached XP level 2. HP: 21/22 MP: 0/0
   292 | D:1      | Reached skill level 1 in Fighting
   550 | D:1      | Found a faded altar of an unknown god.
   654 | D:1      | Reached XP level 3. HP: 24/27 MP: 0/0
   654 | D:1      | Learned a level 1 spell: Foxfire
  1163 | D:1      | Reached skill level 2 in Fighting
  1460 | D:2      | Reached XP level 4. HP: 29/33 MP: 0/0
  2758 | D:3      | Reached XP level 5. HP: 35/40 MP: 0/0
  2758 | D:3      | Learned a level 2 spell: Scorch
  2781 | D:3      | Reached skill level 3 in Fighting
  3165 | D:3      | Noticed a bullfrog
  3274 | D:3      | Killed a bullfrog
  3275 | D:3      | Reached XP level 6. HP: 42/47 MP: 0/0
  3905 | D:3      | Reached skill level 4 in Fighting
  4410 | D:4      | Noticed Sigmund
  4585 | D:4      | Noticed an ogre
  4598 | D:4      | Killed an ogre
  4599 | D:4      | Reached skill level 5 in Spellcasting
  4599 | D:4      | Reached XP level 7. HP: 30/53 MP: 0/0
  4599 | D:4      | Learned a level 2 spell: Wereblood
  4864 | D:4      | Killed Sigmund
  4865 | D:4      | Reached skill level 5 in Fighting
  5252 | D:4      | Found a blossoming altar of Fedhas.
  5354 | D:4      | Reached XP level 8. HP: 47/61 MP: 0/0
  5435 | D:4      | Found a large runed translucent door.
  5435 | D:4      | Found a large runed translucent door.
  5437 | D:4      | Noticed p0werm0de's ghost (amateur PaIE)
  5802 | D:5      | Entered Level 5 of the Dungeon
  5876 | D:5      | Reached skill level 6 in Fighting
  6939 | D:5      | Found a sacrificial altar of Ru.
  7009 | D:5      | Found a runed translucent gate.
  7009 | D:5      | Found a runed translucent gate.
  7009 | D:5      | Found a runed translucent gate.
  7128 | D:5      | Noticed diceflayer's ghost (amateur DsHu)
  7268 | D:5      | Reached skill level 7 in Fighting
  7707 | D:6      | Reached XP level 9. HP: 66/68 MP: 0/0
  7707 | D:6      | Learned a level 4 spell: Hailstorm
  7781 | D:6      | Noticed Pikel
  7785 | D:6      | Killed Pikel
  7786 | D:6      | Reached skill level 8 in Fighting
  8113 | D:6      | Found a runed translucent door.
  8116 | D:6      | Noticed Crazy Yiuf
  8121 | D:6      | Killed Crazy Yiuf
  8491 | D:6      | Noticed an oklob plant
  9454 | D:6      | Reached skill level 9 in Fighting
  9739 | D:6      | Reached XP level 10. HP: 70/78 MP: 0/0
 10365 | D:7      | Noticed Duvessa
 10366 | D:7      | Noticed Dowan
 10368 | D:7      | Killed Duvessa
 10369 | D:7      | Reached skill level 10 in Fighting
 10375 | D:7      | Killed Dowan
 10972 | D:7      | Found a staircase to the Ecumenical Temple.
 10981 | Temple   | Entered the Ecumenical Temple
 11066 | Temple   | Became a worshipper of Ashenzari the Shackled
 11661 | D:8      | Found a burning altar of Makhleb.
 11755 | D:8      | Found Huifal's Jewellery Shoppe.
 12087 | D:8      | Noticed Erica
 12101 | D:8      | Killed Erica
 12437 | D:8      | Found a bloodstained altar of Trog.
 12633 | D:9      | You are sucked into a shaft and drop 1 floor!
 12633 | D:10     | Entered Level 10 of the Dungeon
 12686 | D:10     | Reached XP level 11. HP: 80/87 MP: 0/0
 12686 | D:10     | Learned a level 5 spell: Freezing Cloud
 12789 | D:9      | Found a glowing golden altar of the Shining One.
 12971 | D:9      | Found a transporter.
 12971 | D:9      | Found a transporter.
 12973 | D:9      | Found a transporter.
 13298 | D:10     | Found a flagged portal.
 13305 | Bailey   | Entered a bailey
 13517 | Bailey   | Reached skill level 11 in Fighting
 15070 | D:9      | Found a transporter.
 16217 | D:10     | Found a staircase to the Orcish Mines.
 16776 | D:10     | Found a staircase to the Lair.
 16982 | Lair:1   | Entered Level 1 of the Lair of Beasts
 16990 | Lair:1   | Reached skill level 5 in Dodging
 17150 | Lair:1   | Reached skill level 12 in Fighting
 17150 | Lair:1   | Reached skill level 10 in Spellcasting
 17270 | Lair:1   | Noticed Grum
 17273 | Lair:1   | Killed Grum
 17274 | Lair:1   | Reached XP level 12. HP: 84/96 MP: 0/0
 17513 | Lair:1   | Reached * piety under Ashenzari
 17513 | Lair:1   | Identified 2 scrolls of acquirement
 17624 | Lair:1   | Acquired 878 gold pieces
 17628 | Lair:1   | Acquired a manual of Spellcasting
 17673 | Lair:1   | Noticed a catoblepas
 17688 | Lair:1   | Killed a catoblepas
 17930 | Lair:1   | Noticed a five-headed hydra
 17937 | Lair:1   | Killed a five-headed hydra
 18590 | Lair:1   | Identified Sif Muna's Codex of Metal
 18590 | Lair:1   | Identified Sif Muna's Catalogue of Heat
 18590 | Lair:1   | Identified Sif Muna's Secrets of the Wind
 18659 | Lair:2   | Reached ** piety under Ashenzari
 19526 | Lair:3   | Reached skill level 1 in Shields
 19792 | Lair:3   | Found a staircase to the Shoals.
 19945 | Lair:3   | Noticed a boulder beetle
 20104 | Lair:3   | Noticed a five-headed hydra
 20111 | Lair:3   | Killed a five-headed hydra
 20112 | Lair:3   | Reached skill level 13 in Fighting
 20362 | Lair:3   | Reached XP level 13. HP: 84/109 MP: 0/0
 20362 | Lair:3   | Learned a level 5 spell: Fireball
 21313 | Lair:3   | Identified Sif Muna's Almanac of Shaping
 21461 | Lair:3   | Killed a boulder beetle
 21963 | Lair:3   | Found a hole to the Spider Nest.
 22119 | Lair:3   | Reached skill level 14 in Fighting
 22961 | Orc:1    | Entered Level 1 of the Orcish Mines
 22975 | Orc:1    | Paralysed by an orc sorcerer for 5 turns
 22977 | Orc:1    | Noticed an orc warlord
 22997 | D:10     | Killed an orc warlord
 23810 | Orc:2    | Entered Level 2 of the Orcish Mines
 23810 | Orc:2    | Found a staircase to the Elven Halls.
 23814 | Orc:2    | Reached skill level 5 in Shields
 23920 | Orc:2    | Reached XP level 14. HP: 88/117 MP: 0/0
 24072 | Orc:2    | Found Liun's Antique Armour Shoppe.
 25288 | Orc:2    | Noticed an orc warlord
 25302 | Orc:2    | Killed an orc warlord
 25572 | Orc:2    | Reached skill level 15 in Fighting
 25851 | Orc:2    | Killed by an exploding fulminant prism

Illustrated notes

Levels and vault maps discovered:
D:1:      moated_graveyard_arrival, layout_rooms,
          hellmonk_ecumenical_altar_zigzags, minmay_lizard_king
D:2:      layout_loops_cross
D:3:      minmay_thinvault, layout_rooms
D:4:      layout_loops_corners, mainiacjoe_overflow_brackets,
          ebering_ghost_disaster_area, minmay_starry_boxes, uniq_sigmund
D:5:      layout_loops_ring, mainiacjoe_overflow_surrounded_room,
          gammafunk_ghost_icy
D:6:      lemuel_slime, layout_loops_ring, lemuel_mausoleum_altar_kikubaaqudgha,
          uniq_pikel, uniq_crazy_yiuf_cottage
D:7:      layout_cave_pods, temple_doors_ab, uniq_duvessa
D:8:      layout_rooms, nicolae_overflow_hidden_temple, serial_shops, shop,
          bh_walls_and_bars, uniq_erica
D:9:      layout_small_grid, mainiacjoe_overflow_boulevard, special_room
          [special_room_orc], nicolae_diode_quadrants
D:10:     layout_stronghold, nicolae_sif_muna_little_library,
          grunt_lair_entry_orc_guard_hut, zombieorc2_lemuel, enter_bailey_4
Temple:   minmay_temple_curvy_branch
Lair:1:   layout_cellular_growth, lemuel_fruit_tree, grunt_megastairs_3,
          uniq_grum
Lair:2:   layout_layer_cave
Lair:3:   layout_hall_layers, minmay_shoals_entry_beasts,
          spider_nest_entry_funnel_web, grunt_megastairs_5
Lair:4:   layout_regular_city
Orc:1:    layout_caves, bloody_makhleb
Orc:2:    st_orc_congregation, layout_caves, serial_shops, shop, basic_altar,
          uniq_snorg

Skill      XL: |  1  2  3  4  5  6  7  8  9 10 11 12 13 14 |
---------------+-------------------------------------------+-----
Fighting       | 1 2 3 4 5 7 9 10 12 13 14 15 | 15.0
Spellcasting   | 4 5 6 7 9 10 11 13 | 13.9
Dodging        | 3 5 6 8 9 |  9.1
Stealth        | 2 4 |  4.9
Shields        | 2 5 6 |  6.0

Action                   |  1- 3 |  4- 6 |  7- 9 | 10-12 | 13-15 || total
-------------------------+-------+-------+-------+-------+-------++-------
 Fire: Sling             |       |       |     6 |       |       ||     6
 Cast: Magic Dart        |    64 |    35 |    28 |    20 |       ||   147
       Searing Ray       |     4 |    31 |    26 |     1 |       ||    62
       Foxfire           |       |     9 |       |     1 |       ||    10
       Dazzling Flash    |       |     2 |       |       |       ||     2
       Fulminant Prism   |       |     3 |    54 |   186 |   155 ||   398
       Iskenderun's Myst |       |     2 |    26 |    48 |    64 ||   140
       Freezing Cloud    |       |       |       |    14 |    25 ||    39
Invok: Curse Item        |       |       |       |     3 |       ||     3
  Use: Potion            |       |       |     1 |       |       ||     1
       Scroll            |       |       |     7 |     6 |       ||    13
Armor: Robe              |     1 |     9 |     2 |     1 |       ||    13
       Steam dragon scal |       |       |       |     5 |     5 ||    10
Dodge: Dodged            |     2 |    20 |    12 |    19 |    30 ||    83
Block: Buckler           |       |       |       |       |     4 ||     4
